 Dungeon Crawl Stone Soup version 0.29-a0-721-g7f417c9bbb (webtiles) character file.

Game seed: 12660349514564351947

448 gobodom the Grave Robber (level 6, -5/43 HPs)
             Began as a Demonspawn Necromancer on June 28, 2022.
             Slain by an ogre
             ... wielding a +0 giant club
              (19 damage)
             ... on level 5 of the Dungeon.
             The game lasted 00:13:19 (4173 turns).

gobodom the Grave Robber (Demonspawn Necromancer)   Turns: 4173, Time: 00:13:20

Health: -5/43      AC:  3    Str: 17    XL:     6   Next: 73%
Magic:  3/12       EV: 12    Int: 20    God:
Gold:   200        SH:  4    Dex: 13    Spells: 9/13 levels left

rFire   + . .      SeeInvis .   f - +2 mace (venom)
rCold   + . .      Faith    .   (no shield)
rNeg    . . .      Spirit   .   e - +0 robe {rC+ rF+}
rPois   .          Reflect  .   (no helmet)
rElec   .          Harm     .   (no cloak)
rCorr   +          Rampage  .   D - +0 pair of gloves
Will    .....                   (no boots)
Stlth   ++........              (no amulet)
HPRegen 0.14/turn               i - ring of resist corrosion
MPRegen 0.13/turn               q - +6 ring of strength

@: no status effects
A: powered by pain 1, big brain 2, condensation shield
a: no special abilities


You were on level 5 of the Dungeon.
You visited 1 branch of the dungeon, and saw 5 of its levels.

You collected 200 gold pieces.

Inventory:

Hand Weapons
 f - a +2 mace of venom (weapon)
 t - a +0 short sword of electrocution
Missiles
 y - 5 poisoned darts
Armour
 e - a +0 robe of resistance (worn)
 D - a +0 pair of gloves (worn)
 E - an orb of energy
Magical Staves
 B - a staff of poison
Jewellery
 i - a ring of resist corrosion (left hand)
 m - an amulet of guardian spirit
 q - a +6 ring of strength (right hand)
 z - an amulet of faith
Wands
 C - a wand of mindburst (22)
Scrolls
 a - a scroll of silence {unknown}
 d - a scroll of poison {unknown}
 j - 2 scrolls of noise
 o - a scroll of enchant armour {unknown}
 p - a scroll of magic mapping {unknown}
 s - 2 scrolls of identify {unknown}
 w - a scroll of blinking {unknown}
 x - a scroll of teleportation {unknown}
 A - a scroll of brand weapon {unknown}
Potions
 b - a potion of magic
 c - 2 potions of might {unknown}
 g - 2 potions of curing {unknown}
 k - a potion of degeneration {unknown}
 l - a potion of flight {unknown}
 n - 3 potions of lignification {unknown}
 r - a potion of haste {unknown}
 u - a potion of ambrosia {unknown}
 v - a potion of mutation {unknown}


   Skills:
 + Level 1.3 Fighting
 + Level 1.8 Maces & Flails
 + Level 2.4 Dodging
 + Level 2.5 Stealth
 + Level 0.2 Shields
 + Level 4.1 Spellcasting
 + Level 6.1 Necromancy
 * Level 0.6 Evocations


You had 9 spell levels left.
You knew the following spells:

 Your Spells              Type           Power      Damage    Failure   Level
a - Necrotize             Necr           100%       1d9       1%          1
b - Vampiric Draining     Necr           28%        2d8       3%          3

Your spell library contained the following spells:

 Spells                   Type           Power      Damage    Failure   Level
 Animate Dead             Necr           28%        N/A       10%         4
 Agony                    Necr           28%        N/A       28%         5
 Call Canine Familiar     Summ           4%         N/A       36%         3
 Portal Projectile        Hex/Tloc       8%         N/A       36%         3
 Leda's Liquefaction      Hex/Erth       2%         N/A       77%         4
 Haunt                    Necr/Summ      8%         N/A       100%        7
 Infestation              Necr           14%        N/A       100%        8


Dungeon Overview and Level Annotations

Branches:
Dungeon (5/15)
 Temple: D:4-7

Altars:
Ashenzari
Cheibriados
Makhleb
Okawaru
Ru
Zin

Shops:
D:3 *

Annotations:
D:5 lunkers's ghost, novice MeAK


Innate Abilities, Weirdness & Mutations

You sometimes gain a little power by taking damage.
You have an extremely huge brain. (Int +4)
A meltable shield of frost defends you. (SH +4)


Message History

The ogre attacks as you move away! The ogre misses you.
The jelly quivers.
The adder barely misses you. The ogre attacks as you move away!
The ogre hits you with a +0 giant club! The adder attacks as you move away!
The adder barely misses you. The adder attacks as you move away!
You block the adder's attack. The adder closely misses you.
You hear a distant slurping noise.
You barely miss the adder.
The adder bites you but does no damage. x2
You hit the adder.
The adder is poisoned.
The adder is moderately wounded.
The adder bites you.
You closely miss the adder.
The adder is almost dead.
You kill the adder!
The iguana hisses menacingly.
You hit the iguana.
The iguana is lightly wounded.
The iguana bites you!
You hit the iguana.
The iguana is heavily wounded.
The iguana barely misses you. The ogre closely misses you.
Read: scroll of fear
Press: ? - help, Q - select action, (/) - cycle Dir - look around, f - activate Look: an ogre, wielding a +0 giant club (chance to affect: 97%)
As you read the scroll of fear, it crumbles to dust.
You assume a fearsome visage.
The ogre looks frightened!
The iguana looks frightened! x2
The jelly looks frightened!
You hit the ogre.
The ogre is poisoned.
Your attack snaps the ogre out of its fear.
The ogre is lightly wounded.
The ogre closely misses you.
You hit the ogre.
The ogre looks as sick as possible!
The ogre is moderately wounded.
The ogre hits you with a +0 giant club.
You hit the ogre.
The ogre is heavily wounded.
The ogre hits you with a +0 giant club!!
You die...

#....
###...#.....# ..
....J #...#.....#
l....+##...'.....#
#J†.#.##l....#
#.....#......#
#.....#......#
#.....#......#
#l..#.#......#
....+##..O@.....#
.##. #.#########
.. #.. ..# .#.# ..
#. .# ##


You could see an ogre (extremely poisoned), 2 iguanas and a jelly (fleeing).

Vanquished Creatures
  An ogre (D:4)
  A scorpion (D:4)
  A hound (D:4)
  An orc priest (D:4)
  3 iguanas (D:5)
  8 adders
  3 dart slugs
  6 orcs
  6 ball pythons
  4 bats
  5 endoplasms
  A giant cockroach (D:4)
  7 goblins
  6 hobgoblins
  6 jackals
  13 kobolds
  3 quokkas
  4 frilled lizards
  2 rats
81 creatures vanquished.

Vanquished Creatures (collateral kills)
  An adder (D:3)
  A ball python (D:1)
  An endoplasm (D:2)
  A quokka (D:4)
4 creatures vanquished.

Grand Total: 85 creatures vanquished

Notes
Turn   | Place    | Note
-------+----------+-------------------------------------------
     0 | D:1      | gobodom the Demonspawn Necromancer began the quest for the
                  | Orb.
     0 | D:1      | Reached XP level 1. HP: 13/13 MP: 3/3
   281 | D:1      | Gained mutation: You sometimes gain a little power by
                  | taking damage. [demonic ancestry]
   281 | D:1      | Reached XP level 2. HP: 13/19 MP: 1/5
  1064 | D:2      | Reached skill level 5 in Necromancy
  1117 | D:2      | Gained mutation: A meltable shield of frost defends you.
                  | (SH +4) [demonic ancestry]
  1117 | D:2      | Reached XP level 3. HP: 25/25 MP: 1/6
  1382 | D:2      | Found a burning altar of Makhleb.
  1628 | D:3      | Found Zin's Purification Station.
  1641 | D:3      | Gained mutation: You have an unusually large brain. (Int
                  | +2) [demonic ancestry]
  1641 | D:3      | Reached XP level 4. HP: 17/31 MP: 7/7
  1642 | D:3      | Reached skill level 1 in Maces & Flails
  1916 | D:3      | Found an iron altar of Okawaru.
  2082 | D:3      | Found a broken altar of Ashenzari.
  2173 | D:3      | Found a faded altar of an unknown god.
  2179 | D:3      | Reached skill level 1 in Fighting
  2622 | D:4      | Reached XP level 5. HP: 33/37 MP: 0/9
  2982 | D:4      | Found a sacrificial altar of Ru.
  2988 | D:4      | Noticed an ogre
  3000 | D:4      | Killed an ogre
  3001 | D:4      | Gained mutation: You have an extremely huge brain. (Int +4)
                  | [demonic ancestry]
  3001 | D:4      | Reached XP level 6. HP: 42/43 MP: 4/11
  3228 | D:4      | Learned a level 3 spell: Vampiric Draining
  3893 | D:5      | Entered Level 5 of the Dungeon
  3893 | D:5      | Found a snail-covered altar of Cheibriados.
  4074 | D:5      | Noticed lunkers's ghost (novice MeAK)
  4089 | D:5      | Reached skill level 6 in Necromancy
  4173 | D:5      | Slain by an ogre

Illustrated notes

Levels and vault maps discovered:
D:1:      dpeg_arrival_arbitrary_b, layout_basic, hex_intersection
D:2:      layout_rooms, basic_altar, st_stairs_5
D:3:      layout_loops_cross, mainiacjoe_overflow_alcove_2,
          ashenzari_conservatory_becter, zin_purify,
          chequers_ecumenical_altar_simple_redux
D:4:      layout_basic, mainiacjoe_overflow_small_starburst
D:5:      layout_gridville, old_standard_altar, hellmonk_ghost_happy_afterlife,
          minmay_fractal_squares_diagonal_5

Skill      XL: |  1  2  3  4  5  6 |
---------------+-------------------+-----
Dodging        | 2 |  2.4
Necromancy     | 5 6 |  6.1
Stealth        | 2 |  2.5
Maces & Flails | 1 |  1.8
Fighting       | 1 |  1.3
Spellcasting   | 3 4 |  4.1
Shields        | |  0.2
Evocations     | |  0.6

Action                   |  1- 3 |  4- 6 || total
-------------------------+-------+-------++-------
Melee: Spear             |     6 |       ||     6
       Mace              |    50 |    49 ||    99
       Punch             |     1 |     1 ||     2
 Cast: Necrotize         |    25 |    69 ||    94
       Vampiric Draining |       |     6 ||     6
  Use: Scroll            |       |     3 ||     3
 Stab: Sleeping          |     3 |     1 ||     4
Armor: Robe              |    13 |     9 ||    22
Dodge: Dodged            |    65 |    45 ||   110
Block: Other             |     4 |    11 ||    15

Table legend: (Time is in decaauts)
 A = Elapsed time spent in this place.
 B = Non-inter-level travel time spent in this place.
 C = Inter-level travel time spent in this place.
 D = Time resting spent in this place.
 E = Time spent auto-exploring this place.
 F = Levels seen in this place.
 G = Mean time per level.
                   A        B        C        D        E       F      G
               +--------+--------+--------+--------+--------+-----+--------+
         Total |   4206 |   4187 |     19 |     94 |   3110 |   5 |  841.2 |
       Dungeon |   4206 |   4187 |     19 |     94 |   3110 |   5 |  841.2 |
               +--------+--------+--------+--------+--------+-----+--------+

Top non-repeatable levels by time:
     D:4: 1316 daAuts
     D:1: 1068 daAuts
     D:3: 980 daAuts
     D:2: 558 daAuts
     D:5: 282 daAuts
